Map: Beckett Industries LE

Players

Reynor - Winner!

  • Race: Zerg Zerg
  • League: Master

MaxPax

  • Race: Protoss Protoss
  • League: Grandmaster

Event: ASUS ROG Fall 2021

VOD

Have the link to the VOD?

Description

Time

  • Played on: Sept. 18, 2021, 8:11 a.m.
  • Length: 14:15

All games in this series

Show
View Real Time Build Order
Export as new Build Order

Reynor Zerg - Winner!

Build Orders: Hatch First 

Get SALT Encoding   

  12  0:00  Drone  
  13  0:12  Overlord  
  13  0:17  Drone  
  14  0:30  Drone x2  
  16  0:50  Hatchery  
  16  0:52  Drone  
  16  0:55  Drone  
  17  0:58  Extractor  
  17  1:00  Drone  
  17  1:17  Spawning Pool  
  16  1:20  Drone  
  16  1:23  Drone  
  18  1:27  Drone  
  19  1:39  Drone  
  20  1:48  Overlord  
  20  2:03  Zergling x4  
  20  2:06  Queen  
  20  2:08  Metabolic Boost  
  24  2:12  Queen  
  26  2:16  Drone  
  26  2:18  Drone  
  26  2:21  Drone  
  29  2:24  Drone  
  30  2:33  Overlord  
  30  2:35  Drone  
  30  2:48  Hatchery  
  29  2:53  Zergling x4  
  29  2:56  Zergling x2  
  32  3:01  Queen  
  32  3:04  Zergling x2  
  35  3:06  Drone  
  35  3:07  Drone  
  37  3:15  Drone  
  37  3:16  Drone  
  37  3:17  Drone x2  
  41  3:24  Drone  
  41  3:26  Queen  
  43  3:31  Overlord  
  43  3:42  Drone  
  43  3:45  Overlord  
  43  3:53  Drone x3  
  44  3:57  Drone  
  44  3:58  Drone  
  44  3:59  Queen, Drone  
  44  4:02  Zergling x4  
  51  4:03  Queen  
  51  4:07  Zergling x2  
  54  4:11  Zergling x6  
  54  4:14  Queen  
  59  4:17  Overlord  
  59  4:22  Drone x3  
  62  4:25  Drone  
  62  4:28  Drone  
  64  4:31  Overlord  
  64  4:37  Queen  
  65  4:44  Spore Crawler  
  64  4:45  Lair  
  64  4:46  Drone  
  64  4:48  Zergling x8  
  64  4:50  Spore Crawler  
  68  4:53  Spore Crawler  
  68  4:55  Zergling x2  
  68  4:56  Zergling x2  
  69  5:00  Overlord  
  69  5:01  Drone x2  
  69  5:02  Zergling x2  
  69  5:04  Drone  
  69  5:05  Drone  
  69  5:06  Extractor  
  74  5:07  Drone  
  74  5:13  Zergling x4  
  74  5:14  Zergling x2  
  75  5:15  Overlord  
  75  5:20  Drone x2  
  74  5:23  Queen  
  74  5:27  Drone x4  
  74  5:28  Drone  
  81  5:32  Overlord  
  81  5:33  Drone x2  
  83  5:48  Overlord  
  83  5:49  Queen  
  81  5:50  Queen  
  83  5:57  Drone x2, Hydralisk Den  
  83  5:58  Drone x2  
  83  5:59  Extractor  
  83  6:00  Extractor, Drone x3  
  83  6:03  Drone x4  
  91  6:04  Overlord  
  91  6:10  Queen  
  92  6:12  Extractor, Drone, Evolution Chamber  
  92  6:14  Drone x2  
  93  6:22  Overlord  
  93  6:28  Hydralisk x2  
  97  6:33  Muscular Augments, Hydralisk x4  
  97  6:37  Baneling Nest  
  97  6:38  Hydralisk x2  
  109  6:43  Hydralisk  
  109  6:45  Overlord  
  110  6:51  Hydralisk  
  110  6:53  Queen  
  110  6:54  Hydralisk  
  114  6:57  Overlord  
  114  7:00  Hydralisk x2  
  114  7:01  Hydralisk  
  120  7:06  Hydralisk x2  
  120  7:07  Zergling x4  
  128  7:16  Hydralisk  
  128  7:17  Zergling x10  
  128  7:18  Overlord  
  135  7:24  Baneling x8  
  135  7:26  Zergling x2, Queen  
  135  7:29  Zergling x4  
  135  7:37  Overlord  
  135  7:39  Zergling x6  
  135  7:40  Zergling x2  
  135  7:41  Hydralisk  
  135  7:43  Hydralisk  
  135  7:44  Zergling x4  
  141  7:51  Hydralisk x3  
  129  7:57  Queen, Grooved Spines  
  137  8:00  Drone  
  137  8:02  Drone x3  
  137  8:04  Extractor  
  140  8:07  Baneling x3  
  140  8:09  Overlord  
  140  8:12  Hydralisk x2  
  144  8:14  Drone  
  144  8:17  Overlord  
  145  8:23  Evolution Chamber  
  142  8:35  Hatchery  
  142  8:37  Hydralisk x2  
  142  8:38  Zergling x8  
  141  8:44  Zergling x2  
  141  8:48  Zerg Missile Weapons Level 1  
  138  8:50  Zergling x4  
  138  8:54  Hydralisk  
  138  8:55  Zergling x6  
  134  8:58  Hydralisk  
  134  9:00  Zergling x2  
  133  9:03  Infestation Pit  
  133  9:06  Zergling x2  
  131  9:13  Hydralisk  
  131  9:14  Zergling x2  
  124  9:17  Zergling x2  
  124  9:18  Zergling x4  
  124  9:19  Zergling x4  
  124  9:23  Hydralisk x3  
  111  9:31  Hydralisk  
  111  9:32  Queen, Hydralisk x2  
  111  9:36  Evolution Chamber  
  119  9:40  Hydralisk x3, Hive  
  125  9:47  Queen  
  125  9:48  Drone x2  
  125  9:49  Drone  
  130  9:53  Hydralisk  
  130  9:57  Hydralisk x4  
  140  10:00  Overlord  
  140  10:03  Drone  
  140  10:04  Drone  
  140  10:05  Extractor, Drone x3  
  140  10:06  Extractor  
  143  10:10  Overlord  
  143  10:13  Drone x2  
  144  10:15  Drone  
  144  10:20  Overlord  
  145  10:21  Drone  
  146  10:28  Drone  
  146  10:29  Drone  
  148  10:37  Hydralisk x4  
  155  10:45  Hatchery  
  154  10:50  Viper x5  
  154  10:55  Overlord  
  166  10:58  Viper  
  169  11:05  Overseer  
  169  11:07  Hydralisk x3  
  169  11:11  Drone x4  
  177  11:14  Hydralisk x3  
  185  11:20  Drone x2  
  185  11:21  Drone, Evolution Chamber x2  
  185  11:22  Drone x4  
  185  11:24  Viper  
  185  11:25  Spore Crawler x2  
  191  11:27  Spore Crawler  
  190  11:35  Hydralisk  
  190  11:36  Hydralisk x4  
  190  11:39  Overlord  
  198  11:57  Drone x2  
  198  11:58  Spire, Zerg Missile Weapons Level 2  
  198  12:00  Drone  
  200  12:01  Evolution Chamber  
  200  12:05  Evolution Chamber  
  200  12:06  Evolution Chamber x2  
  200  12:07  Evolution Chamber  
  180  12:25  Hydralisk  
  180  12:26  Hydralisk x13  
  184  12:36  Drone x4  
  184  12:37  Drone  
  189  12:38  Extractor  
  189  12:39  Extractor, Hydralisk x4  
  183  12:45  Overlord  
  183  12:55  Hydralisk x5  
  166  13:20  Hydralisk x3  
  166  13:21  Zergling x8, Hydralisk x7  
  166  13:22  Zergling x8  
  185  13:28  Hydralisk x2  
  185  13:29  Hydralisk x2  
  184  13:45  Zergling x20  
  184  13:47  Overlord  
  192  13:50  Hydralisk  
  175  13:56  Zergling x2  
Show
View Real Time Build Order
Export as new Build Order

MaxPax Protoss 

Build Orders: 1 Gate Expand, Oracle Opening 

Get SALT Encoding   

  12  0:00  Probe  
  13  0:12  Probe  
  14  0:20  Pylon  
  14  0:24  Probe  
  15  0:38  Probe (Chrono Boost)  
  16  0:43  Gateway  
  16  0:49  Assimilator, Probe (Chrono Boost)  
  17  0:54  Probe (Chrono Boost)  
  18  1:04  Probe  
  19  1:16  Probe  
  20  1:28  Nexus  
  20  1:36  Cybernetics Core  
  20  1:39  Probe  
  21  1:45  Assimilator  
  21  1:51  Probe  
  22  1:54  Pylon  
  22  2:03  Probe (Chrono Boost)  
  23  2:12  Adept (Chrono Boost)  
  23  2:15  Probe (Chrono Boost)  
  26  2:18  Stargate  
  27  2:23  Probe (Chrono Boost)  
  27  2:27  Warp Gate  
  27  2:29  Probe  
  28  2:39  Adept (Chrono Boost)  
  28  2:40  Probe  
  28  2:41  Probe  
  32  2:52  Void Ray (Chrono Boost), Probe  
  32  2:53  Probe  
  34  3:04  Probe  
  39  3:05  Probe  
  39  3:08  Pylon  
  40  3:16  Probe  
  40  3:18  Probe  
  42  3:20  Gateway  
  42  3:27  Oracle (Chrono Boost)  
  42  3:29  Pylon, Probe  
  46  3:35  Probe  
  46  3:41  Probe  
  48  3:46  Pylon  
  48  3:47  Probe  
  49  3:53  Probe  
  48  3:56  Pylon  
  48  3:59  Probe  
  49  4:05  Nexus, Probe  
  49  4:07  Pylon  
  49  4:08  Assimilator  
  50  4:10  Assimilator  
  50  4:19  Probe  
  50  4:20  Stargate  
  51  4:24  Shield Battery  
  51  4:28  Void Ray (Chrono Boost), Probe  
  51  4:29  Protoss Air Weapons Level 1  
  51  4:31  Probe  
  57  4:40  Probe  
  57  4:43  Probe  
  57  4:44  Forge  
  59  4:52  Shield Battery  
  59  4:54  Shield Battery x2  
  59  4:56  Void Ray (Chrono Boost)  
  61  5:02  Shield Battery  
  63  5:11  Void Ray (Chrono Boost)  
  66  5:20  Shield Battery  
  66  5:23  Pylon, Void Ray (Chrono Boost)  
  66  5:33  Photon Cannon  
  66  5:34  Shield Battery  
  70  5:40  Void Ray (Chrono Boost)  
  70  5:42  Pylon  
  74  5:53  Shield Battery  
  74  5:57  Void Ray  
  78  6:08  Robotics Facility  
  78  6:12  Nexus  
  78  6:13  Pylon  
  78  6:25  Pylon  
  78  6:31  Adept, Probe x2  
  86  6:34  Pylon  
  86  6:36  Photon Cannon  
  86  6:41  Pylon  
  86  6:42  Adept  
  86  6:43  Probe x2  
  86  6:44  Photon Cannon  
  86  6:55  Robotics Facility, Probe  
  86  6:58  Observer  
  86  6:59  Robotics Bay  
  88  7:03  Probe  
  85  7:08  Shield Battery, Adept x2  
  89  7:17  Fleet Beacon  
  89  7:22  Shield Battery  
  86  7:24  Probe  
  86  7:25  Probe x2  
  89  7:31  Sentry  
  89  7:32  Sentry  
  89  7:36  Probe  
  83  7:49  Disruptor x2 (Chrono Boost)  
  82  7:51  Probe x2  
  84  7:59  Tempest (Chrono Boost)  
  84  8:19  Nexus  
  88  8:21  Pylon  
  88  8:23  Tempest (Chrono Boost)  
  88  8:31  Photon Cannon  
  88  8:32  Disruptor (Chrono Boost)  
  91  8:37  Photon Cannon  
  91  8:48  Pylon x2  
  89  8:49  Pylon  
  89  9:04  Pylon  
  89  9:09  Disruptor (Chrono Boost)  
  92  9:13  Tempest (Chrono Boost)  
  96  9:25  Zealot  
  96  9:26  Probe x2  
  96  9:29  Cybernetics Core  
  97  9:38  Observer, Probe  
  97  9:40  Probe  
  97  9:42  Observer  
  97  9:43  Nexus  
  99  9:49  Pylon  
  99  9:50  Probe  
  99  9:52  Probe  
  101  10:02  Probe  
  101  10:06  Tempest  
  107  10:10  Shield Battery  
  107  10:13  Photon Cannon  
  107  10:14  Sentry  
  109  10:26  Photon Cannon  
  109  10:41  Twilight Council  
  109  10:42  Probe  
  116  10:44  Carrier (Chrono Boost)  
  116  10:45  Probe  
  112  10:54  Probe  
  113  11:02  Gateway  
  113  11:03  Carrier (Chrono Boost)  
  119  11:19  Charge  
  119  11:20  Templar Archives  
  119  11:21  Probe  
  119  11:22  Gateway, Probe  
  119  11:23  Probe  
  122  11:28  Assimilator  
  122  11:29  Assimilator  
  122  11:30  Protoss Air Weapons Level 2  
  121  11:33  Probe  
  121  11:34  Probe  
  121  11:36  Probe  
  121  11:39  Observer  
  124  11:41  Gateway  
  124  11:42  Zealot  
  124  11:45  Probe  
  127  11:47  Pylon  
  127  11:48  Protoss Ground Weapons Level 1  
  127  11:51  Probe  
  128  11:57  Psionic Storm, High Templar  
  130  12:07  High Templar  
  129  12:18  High Templar  
  122  12:32  Observer, Archon  
  122  12:33  Disruptor  
  128  12:37  High Templar  
  128  12:39  High Templar  
  129  12:50  High Templar  
  129  12:51  Gateway x2  
  131  12:52  Gateway  
  131  12:55  Zealot  
  119  13:21  Zealot x3  
  131  13:31  Zealot  
  128  13:40  Gateway  
  117  13:43  Zealot x3  
  117  13:47  Archon  
  112  13:52  Zealot x3  
  100  14:00  Zealot  
Tags
 
Add a new tag
Caveats
  • Supply blocks, unpowered buildings, or Contaminate may cause inaccurate times.
  • Supply counts are checked every 10 seconds.